cohdb
Replays
Latest Replays
All Replays
Popular Replays
Top Player Replays
Match Explorer
How It Works
Community
CoH3 Stats
Reddit
Sign in to upload your games and track your stats! →
Sign in with Steam
Match 42560700
Unlisted
Match 42560700
Overview
Messages
Build Orders
End
Kradschützen Motorcycle Team
Selects Italian Combined Arms Battlegroup
Selects Bersaglieri Squad
Bersaglieri Squad
Bersaglieri Squad
Bersaglieri Squad
Construct Light Support Kompanie
Selects Bersaglieri Bolster
2.5-tonne Medical Truck
Fire Support Elements
Flakvierling Half-track
Pak 38 Mechanized Group
Selects Breda Model 30 Light Machine Guns
Pak 38 Anti-tank Gun Team
Combat Half-tracks
le.IG 18 Mechanized Group
Construct Panzerarmee Kommand
Selects Semovente da 75/18 Assault Gun
Panzerpioneer Squad
2.5-tonne Medical Truck
Selects Strafing Run
Selects Artillery Cover
Panzer III L Medium Tank
Strafing Run
Walking Stuka Rocket Launcher
Bersaglieri Squad
Armored Reserves
Panzer IV Assault Group
Vehicle Survival Package
Panzer III L Medium Tank
Tungsten Core Ammunition
Flakvierling Half-track
Strafing Run
Emergency Repair Kits
Karadoc
FREAK THE DUDE
Team saupiquet
Der Besen
Kobalskius
pRedox
0
0
Comments
sign in to comment!
No comments posted yet!